 Dungeon Crawl Stone Soup version 0.23-a0-183-gf37f6fb109 (webtiles) character file.

121 Jesh the Vexing (level 4, -7/21 HPs)
             Began as a Spriggan Enchanter on Sept 23, 2018.
             Killed from afar by an orc wizard (10 damage)
             ... with a magic dart
             ... on level 3 of the Dungeon.
             The game lasted 00:10:04 (2680 turns).

Jesh the Vexing (Spriggan Enchanter)                Turns: 2680, Time: 00:10:05

Health: -7/21      AC:  4    Str:  2 (4)  XL:     4   Next: 76%
Magic:  0/11       EV: 23    Int: 15 (17) God:
Gold:   88         SH:  0    Dex: 18 (21) Spells: 3/12 levels left

rFire    . . .     SeeInvis +   a - +2 dagger
rCold    . . .     Gourm    .   (shield restricted)
rNeg     . . .     Faith    .   b - +0 robe
rPois    .         Spirit   .   (helmet restricted)
rElec    .         Reflect  .   g - +1 cloak
rCorr    .         Harm     .   (gloves unavailable)
MR       .....                  (boots unavailable)
Stlth    ++++......             (no amulet)
HPRegen  0.07/turn              (no ring)
MPRegen  0.12/turn              (no ring)

@: agile, about to teleport, very slightly contaminated, very quick
A: very small, unfitting armour, see invisible, herbivore, speed 3, slow
metabolism 2
a: no special abilities


You were on level 3 of the Dungeon.
You were hungry.

You visited 1 branch of the dungeon, and saw 3 of its levels.

You collected 88 gold pieces.

Inventory:

Hand Weapons
 a - a +2 dagger (weapon)
Armour
 b - a +0 robe (worn)
 g - a +1 cloak (worn)
Potions
 c - 2 potions of flight
 j - a potion of degeneration
Comestibles
 d - 3 rations


   Skills:
 - Level 1.1 Short Blades
 - Level 3.0 Dodging
 - Level 4.4 Stealth
 + Level 4.8 Spellcasting
 + Level 5.3 Hexes


You had 3 spell levels left.
You knew the following spells:

 Your Spells              Type           Power        Failure   Level  Hunger
a - Ensorcelled Hibernat  Hex/Ice        ##....       9%          2    ##.....
b - Corona                Hex            ###....      1%          1    None
c - Confuse               Hex            ###.....     5%          3    ###....
d - Tukima's Dance        Hex            ###.....     5%          3    ###....

Your spell library contained the following spells:

 Spells                   Type           Power        Failure   Level  Hunger
 Dazzling Spray           Conj/Hex       ##....       17%         3    ###....


Dungeon Overview and Level Annotations

Branches:
Dungeon (3/15)

Altars:
Kikubaaqudgha


Innate Abilities, Weirdness & Mutations

You are very small and have problems with some larger weapons.
You are too small for most types of armour.
You have supernaturally acute eyesight. (SInv)
You are a herbivore.
You cover ground extremely quickly.
You need to consume almost no food.


Message History

Aiming: Ensorcelled Hibernation (safe; 9% risk of failure)
Press: ? - help, Shift-Dir - straight line, f/p - orc wizard
Aim: an orc wizard, wielding a dagger and wearing a robe (moderately wounded, The orc wizard resists with some effort.
The orc wizard gestures at you while chanting.
The puff of flame hits you!
* * * LOW HITPOINT WARNING * * *
Okay, then.
Unknown command.
Unknown command.
Unknown command.
Unknown command.
Unknown command.
Okay, then.
Unknown command.
As you read the scroll of teleportation, it crumbles to dust.
You feel strangely unstable.
The orc wizard gestures at you while chanting.
The magic dart hits you!
You die...

###############
#..........@oo#
##.##########)#
.# #.# #.## .#
#.# #.g### .# #.#
#.....##.o.####
.## #.##
#.....####.o.g###
... #..###.....#
####.o)###...
##..##.....#
###o......
##.##.....#
##...##.


You could see an orc wizard (invisible) and an orc.

Vanquished Creatures
  Crazy Yiuf (D:2)
  An orc priest (D:3)
  2 oozes
  2 dart slugs
  2 leopard geckos
  5 orcs (D:3)
  3 giant cockroaches (D:1)
  6 goblins
  7 hobgoblins
  A quokka (D:2)
  2 ball pythons (D:2)
  3 bats
  2 frilled lizards (D:2)
  3 kobolds
  4 rats
44 creatures vanquished.

Notes
Turn   | Place    | Note
-------+----------+-------------------------------------------
     0 | D:1      | Jesh the Spriggan Enchanter began the quest for the Orb.
     0 | D:1      | Reached XP level 1. HP: 9/9 MP: 5/5
    16 | D:1      | Reached skill level 4 in Hexes
    21 | D:1      | Reached XP level 2. HP: 13/13 MP: 7/7
    41 | D:1      | Learned a level 2 spell: Ensorcelled Hibernation
   367 | D:2      | Found an ancient bone altar of Kikubaaqudgha.
  1229 | D:2      | Reached XP level 3. HP: 16/16 MP: 0/9
  1234 | D:2      | Learned a level 3 spell: Confuse
  1238 | D:2      | Learned a level 3 spell: Tukima's Dance
  1863 | D:2      | Found a runed door.
  1867 | D:2      | Noticed Crazy Yiuf
  1877 | D:2      | Killed Crazy Yiuf
  1996 | D:2      | Reached XP level 4. HP: 20/21 MP: 8/11
  2255 | D:1      | Reached skill level 5 in Hexes
  2680 | D:3      | Killed from afar by an orc wizard

Vault maps used:
D:1:      scummos_arrival_simple_fountains
D:2:      overflow_temple_1_default, uniq_crazy_yiuf_cottage
D:3:      grunt_dithmenos_smoke

Skill      XL: |  1  2  3  4 |
---------------+-------------+-----
Spellcasting   | 3 4 |  4.8
Hexes          | 4 5 |  5.3
Short Blades   | |  1.1
Dodging        | |  3.0
Stealth        | |  4.4

Action                   |  1- 3 |  4- 6 || total
-------------------------+-------+-------++-------
Melee: Dagger            |    75 |    67 ||   142
 Cast: Ensorcelled Hiber |    19 |    12 ||    31
       Corona            |     3 |       ||     3
  Use: Scroll            |     6 |     3 ||     9
       Potion            |       |     6 ||     6
 Stab: Sleeping          |    18 |     7 ||    25
Armor: Robe              |     9 |     3 ||    12
Dodge: Dodged            |    77 |    44 ||   121

Table legend:
 A = Non-vault XP
 B = Vault XP
 C = Vault XP percentage of total XP
 D = Non-vault monster count
 E = Vault monster count
 F = Vault count percentage of total count
                 A         B        C        D         E       F
            +---------+---------+-------+---------+---------+-------
      Total |     132 |      41 |  23.7 |      43 |       1 |   2.3
            +---------+---------+-------+---------+---------+-------
        D:1 |      27 |       0 |   0.0 |      13 |       0 |   0.0
        D:2 |      44 |      41 |  48.2 |      22 |       1 |   4.3
        D:3 |      61 |       0 |   0.0 |       8 |       0 |   0.0
            +---------+---------+-------+---------+---------+-------
